 Dungeon Crawl Stone Soup version 0.18-a0-1637-g109f206 (webtiles) character file.

217 Ebgish the Chiller (level 5, -1/37 HPs)
             Began as a Merfolk Ice Elementalist on Mar 26, 2016.
             Succumbed to an orc's poison
             ... on level 3 of the Dungeon.
             The game lasted 00:20:39 (3470 turns).

Ebgish the Chiller (Merfolk Ice Elementalist)       Turns: 3470, Time: 00:20:39

Health: -1/37      AC:  4    Str:  7    XL:     5   Next: 94%
Magic:  6/9        EV: 12    Int: 15    God:
Gold:   135        SH:  0    Dex: 12    Spells: 2 memorised, 6 levels left

rFire  . . .     SeeInvis .     l - +0 glaive
rCold  . . .     Gourm    .     h - +0 leather armour
rNeg   . . .     Faith    .     (shield currently unavailable)
rPois  .         Spirit   .     (helmet restricted)
rElec  .         Dismiss  .     k - +0 cloak
rCorr  .         Reflect  .     (no gloves)
SustAt .         Harm     .     (no boots)
MR     .....                    (no amulet)
Stlth  ++........               (no ring)
                                (no ring)

@: lethally poisoned (-1 -> -27), very slightly contaminated, not resistant to
hostile enchantments, unstealthy
A: change form in water, swift swim, horns 1, clumsy 1, weak 1
a: no special abilities


You were on level 3 of the Dungeon.
You were not hungry.

You visited 1 branch of the dungeon, and saw 3 of its levels.
You also visited: Sewer.

You collected 135 gold pieces.

Inventory:

Hand Weapons
 e - a +1 spear
 l - a +0 glaive (weapon)
Missiles
 g - 209 stones (quivered)
Armour
 h - a +0 leather armour (worn)
 k - a +0 cloak (worn)
Jewellery
 j - an uncursed ring of protection from cold {unknown}
Scrolls
 a - a scroll of enchant armour
 d - a scroll of enchant weapon
 m - 2 scrolls of teleportation
Potions
 n - 4 potions of flight
Books
 b - a book of Frost

   Spells                             Type                      Level
   a - Freeze                         Ice                          1
   b - Throw Frost                    Conjuration/Ice              2
   c - Ozocubu's Armour               Charms/Ice                   3
   d - Throw Icicle                   Conjuration/Ice              4
   e - Summon Ice Beast               Ice/Summoning                4
Comestibles
 c - a bread ration
 i - a meat ration


   Skills:
 * Level 1.3 Fighting
 * Level 1.9 Polearms
 * Level 1.0 Armour
 * Level 3.6 Dodging
 + Level 2.9 Stealth
 * Level 2.9 Spellcasting
 * Level 1.6 Conjurations
 * Level 4.4 Ice Magic


You had 6 spell levels left.
You knew the following spells:

 Your Spells              Type           Power        Failure   Level  Hunger
a - Freeze                Ice            ###.         6%          1    #......
f - Throw Frost           Conj/Ice       ##....       14%         2    ##.....


Dungeon Overview and Level Annotations

Branches:
Dungeon (3/15)

Altars:


Innate Abilities, Weirdness & Mutations

You revert to your normal form in water.
You are very nimble and swift while swimming.
You have a pair of small horns on your head.
You are clumsy. (Dex -2)
You are weak. (Str -2)


Message History

Press: ? - help, Shift-Dir - straight line, f - orc
Aim: an orc, wielding a club You freeze the orc.
The orc is almost dead.
* * * LOW HITPOINT WARNING * * *
You feel very sick. The orc barely misses you.
All of the chunks of flesh in your inventory have rotted away.
Casting: Freeze
Confirm with . or Enter, or press ? or * to list all spells.
Aiming: Freeze
Press: ? - help, Shift-Dir - straight line, f/p - orc
Aim: an orc, wielding a club (almost dead)
You freeze the orc.
You kill the orc!
* * * LOW HITPOINT WARNING * * *
You feel sick.
* * * LOW HITPOINT WARNING * * *
You feel very sick.
You die...

#.# #.# # #.# #.
#.# #.##########
#.# #..........#
#.# ###.#######..#
#.#
#(..#≈≈≈≈≈#..#####
#.#
#.#.#≈≈.≈≈'.......
#.#####
#@#.#≈≈≈≈≈#..#####
#.....#
#)#.#######..#
#####.#
#............# #.#
#.####..#.########
##.###.# ##...#
#[.. ##...##.#
#.### #.##
####.......### #.#
#.# #............#
#.# #.#
#.##......##.# #.#
#.##


There were no monsters in sight!

Vanquished Creatures
  2 sirens (Sewer)
  A merfolk avatar (Sewer)
  A gnoll (D:1)
  3 adders
  A river rat (Sewer)
  2 dart slugs
  5 giant geckos
  4 orcs (D:3)
  6 giant cockroaches
  12 goblins
  6 hobgoblins
  4 kobolds
  2 quokkas
  8 ball pythons (Sewer)
  5 bats
  6 giant newts
  27 rats
95 creatures vanquished.

Notes
Turn   | Place    | Note
--------------------------------------------------------------
     0 | D:1      | Ebgish the Merfolk Ice Elementalist began the quest for the Orb.
     0 | D:1      | Reached XP level 1. HP: 13/13 MP: 3/3
   248 | D:1      | Reached XP level 2. HP: 19/19 MP: 1/5
   289 | D:1      | Learned a level 2 spell: Throw Frost
   664 | D:1      | Reached skill level 1 in Conjurations
   664 | D:1      | Reached XP level 3. HP: 16/25 MP: 2/6
   967 | D:1      | Reached skill level 4 in Ice Magic
  1624 | D:2      | Gained mutation: You have a pair of small horns on your head. [potion of mutation]
  1624 | D:2      | Gained mutation: You are clumsy. (Dex -2) [potion of mutation]
  1624 | D:2      | Gained mutation: You are weak. (Str -2) [potion of mutation]
  1707 | D:2      | Reached XP level 4. HP: 31/31 MP: 7/7
  2314 | D:3      | Reached skill level 1 in Polearms
  2328 | D:3      | Found a glowing drain.
  2348 | Sewer    | Entered a sewer
  2726 | Sewer    | Reached XP level 5. HP: 36/36 MP: 9/9
  3009 | Sewer    | Reached skill level 1 in Fighting
  3188 | Sewer    | Noticed a malarious merfolk avatar
  3204 | Sewer    | Killed a malarious merfolk avatar
  3204 | Sewer    | Reached skill level 1 in Armour
  3469 | D:3      | HP: 1/37 [poisoned by an orc]
  3470 | D:3      | Succumbed to an orc's poison

Vault maps used:
D:1:      dpeg_arrival_lava_altar
D:3:      gup_sewer_entry_glass
Sewer:    sewer_sea

Skill      XL: |  1  2  3  4  5 |
---------------+----------------+-----
Conjurations   | 1 |  1.6
Dodging        | 3 |  3.6
Ice Magic      | 4 |  4.4
Polearms       | 1 |  1.9
Fighting       | 1 |  1.3
Armour         | 1 |  1.0
Stealth        | |  2.9
Spellcasting   | |  2.9

Action                   |  1- 3 |  4- 6 || total
-------------------------+-------+-------++-------
Melee: Spear             |    50 |    27 ||    77
       Glaive            |       |   134 ||   134
Throw: Stone             |    27 |       ||    27
 Cast: Freeze            |    28 |    25 ||    53
       Throw Frost       |       |     2 ||     2
  Use: Scroll            |     4 |     4 ||     8
       Potion            |     2 |     2 ||     4
 Stab: Sleeping          |     1 |    13 ||    14
  Eat: Chunk             |     4 |     6 ||    10
